 Dungeon Crawl Stone Soup version 0.27-a0-1140-g099f9bb0e8 (webtiles) character file.

Game seed: 11817319824251384107

134 jasper the Skirmisher (level 4, -1/38 HPs)
             Began as a Demonspawn Wanderer on May 8, 2021.
             Was a Believer of Ru.
             Slain by a black bear (8 damage)
             ... on level 4 of the Dungeon.
             The game lasted 00:05:39 (2681 turns).

jasper the Skirmisher (Demonspawn Wanderer)         Turns: 2681, Time: 00:05:40

Health: -1/38      AC:  5    Str: 13    XL:     4   Next: 95%
Magic:  4/4        EV: 10    Int: 13    God:    Ru [**....]
Gold:   24         SH:  0    Dex: 13    Spells: 3/3 levels left

rFire    . . .     SeeInvis .   a - +2 short sword
rCold    . . .     Faith    .   (no shield)
rNeg     . . .     Spirit   .   g - +0 ring mail
rPois    .         Reflect  .   (no helmet)
rElec    .         Harm     .   (no cloak)
rCorr    .         Rampage  .   (no gloves)
Will     .....                  (no boots)
Stlth    +.........             (no amulet)
HPRegen  0.12/turn              (no ring)
MPRegen  0.18/turn              (no ring)

@: no status effects
A: spiny 1, magic regeneration, inability to use devices, mutation resistance 1
a: Renounce Religion


You were on level 4 of the Dungeon.
You worshipped Ru.
Ru was pleased with you.
You visited 1 branch of the dungeon, and saw 4 of its levels.

You collected 57 gold pieces.
You spent 33 gold pieces at shops.

Inventory:

Hand Weapons
 a - a +2 short sword (weapon)
 b - a +0 spear
 e - a +0 dagger
Missiles
 h - 30 arrows
 m - 119 stones (quivered)
Armour
 d - a +0 robe
 g - a +0 ring mail (worn)
 j - a +0 chain mail
 q - a +0 ring mail
Scrolls
 i - 2 scrolls of identify {unknown}
 k - a scroll of amnesia {unknown}
 l - a scroll of enchant weapon {unknown}
 o - a scroll of silence {unknown}
 p - a scroll of magic mapping {unknown}
 r - a scroll of noise {unknown}
Potions
 c - a potion of curing
 f - a potion of mutation


   Skills:
 + Level 4.5 Fighting
 - Level 2.6 Short Blades
 + Level 1.5 Armour
 + Level 1.5 Dodging
 - Level 1.7 Stealth
 * Level 2.6 Unarmed Combat


You had 3 spell levels left.
You didn't know any spells.
Your spell library contained the following spells:

 Spells                   Type           Power      Damage    Failure   Level
 Magic Dart               Conj           0%         1d3       54%         1
 Summon Small Mammal      Summ           0%         N/A       54%         1
 Blink                    Tloc           N/A        N/A       69%         2
 Call Imp                 Summ           0%         N/A       69%         2
 Slow                     Hex            0%         N/A       69%         2
 Call Canine Familiar     Summ           0%         N/A       89%         3
 Conjure Flame            Conj/Fire      0%         6-21      89%         3
 Mephitic Cloud           Conj/Pois/Air  0%         N/A       89%         3
 Summon Guardian Golem    Hex/Summ       0%         N/A       89%         3
 Summon Ice Beast         Ice/Summ       0%         N/A       100%        4
 Summon Lightning Spire   Summ/Air       0%         N/A       100%        4


Dungeon Overview and Level Annotations

Branches:
Dungeon (4/15)
 Temple: D:4-7

Altars:
Ru

Shops:
D:2 *

Annotations:
D:2 Terence


Innate Abilities, Weirdness & Mutations

You are partially covered in sharp spines.
You regenerate magic rapidly.
You cannot study or use magical devices.
You are somewhat resistant to further mutation.


Message History

You hit the black bear.
The black bear is moderately wounded.
The black bear bites you. The black bear barely misses you. x2
You take 1 damage, and have 13/38 hp.
You hit the black bear.
The black bear is heavily wounded.
The black bear bites you.
* * * LOW HITPOINT WARNING * * *
The black bear claws you but does no damage. x2
You take 2 damage, and have 11/38 hp.
You barely miss the black bear.
The black bear is heavily wounded.
You hit the black bear.
The black bear is severely wounded.
You redirect the black bear's attack!
The black bear barely misses you.
The black bear claws you but does no damage.
The black bear closely misses you.
You barely miss the black bear.
The black bear is heavily wounded.
The black bear barely misses you. The black bear claws you.
* * * LOW HITPOINT WARNING * * *
The black bear claws you but does no damage.
You take 1 damage, and have 10/38 hp.
You hit the black bear.
The black bear is severely wounded.
The black bear bites you.
* * * LOW HITPOINT WARNING * * *
The black bear claws you but does no damage.
The black bear completely misses you.
You take 3 damage, and have 7/38 hp.
You hit the black bear.
The black bear is almost dead.
You hear the brisk hiss of a very distant avalanche of sand.
The black bear goes berserk!
You barely miss the black bear.
The black bear is severely wounded.
The black bear is stunned by your conviction and fails to attack.
The black bear bites you!
You die...

. #. ##.# ##...#
#.....###
........#########
#... #....).<..#
#....##.#######.#
#........@.# .#
###.###)##h## .#
#.#...# .# #.#
#...#..##.# #.#
#..###..#.# #.#
#h..#...#.#
#.###.#...#.#
#.##........#
##.##..####..#


You could see a black bear (berserk).

Vanquished Creatures
  A howler monkey (D:4)
  3 adders
  2 worms
  A dart slug (D:2)
  6 ball pythons (D:1)
  4 bats
  7 endoplasms
  4 giant cockroaches
  6 goblins
  11 hobgoblins
  6 kobolds
  A quokka (D:2)
  A frilled lizard (D:2)
  5 rats
58 creatures vanquished.

Vanquished Creatures (others)
  A ball python (D:2)
1 creature vanquished.

Grand Total: 59 creatures vanquished

Notes
Turn   | Place    | Note
-------+----------+-------------------------------------------
     0 | D:1      | jasper the Demonspawn Wanderer began the quest for the Orb.
     0 | D:1      | jasper set off with the following items: a +2 short sword,
                  | a +0 spear, a potion of curing, a +0 robe, a +0 dagger
     0 | D:1      | Reached XP level 1. HP: 19/19 MP: 1/1
   306 | D:1      | Gained mutation: You regenerate magic rapidly. [demonic
                  | ancestry]
   306 | D:1      | Reached XP level 2. HP: 24/25 MP: 2/2
   341 | D:1      | Reached skill level 1 in Unarmed Combat
   358 | D:1      | Found a faded altar of an unknown god.
   364 | D:1      | Became a worshipper of Ru the Awakened
   367 | D:1      | Gained mutation: You cannot study or use magical devices.
                  | [Ru sacrifice]
   367 | D:1      | Reached * piety under Ru
   367 | D:1      | Reached ** piety under Ru
   667 | D:1      | Gained mutation: You are partially covered in sharp spines.
                  | [demonic ancestry]
   667 | D:1      | Reached XP level 3. HP: 25/30 MP: 3/3
  1285 | D:2      | Reached skill level 1 in Armour
  1375 | D:2      | You fall into a shaft and drop 1 floor!
  1387 | D:3      | Reached skill level 1 in Dodging
  1682 | D:2      | Reached XP level 4. HP: 38/38 MP: 4/4
  1963 | D:2      | Found Qodoo's General Store.
  1971 | D:2      | Bought a scroll of teleportation for 33 gold pieces
  1994 | D:2      | Noticed Terence
  2009 | D:2      | Gained mutation: You are somewhat resistant to further
                  | mutation. [potion of mutation]
  2345 | D:3      | Noticed a necrophage
  2371 | D:4      | Noticed an ogre
  2374 | D:4      | Noticed a phantom
  2652 | D:4      | Noticed a black bear
  2681 | D:4      | Slain by a black bear

Illustrated notes

Levels and vault maps discovered:
D:1:      dpeg_arrival_water_temple_mockup, layout_basic,
          ebering_ecumenical_altar_rust
D:2:      layout_loops_ring, serial_shops, shop, uniq_terence
D:3:      layout_loops_cross, jmf_multi_god_temple, minmay_misc_feat_ornament
D:4:      layout_loops_ring, nicolae_ossuary_entry_false_entrances,
          chequers_serial_rivers_micro_c

Skill      XL: |  1  2  3 |
---------------+----------+-----
Unarmed Combat | 1 2 |  2.6
Evocations     | 0 |  0.0
Armour         | 1 |  1.5
Dodging        | 1 |  1.5
Fighting       | |  4.5
Short Blades   | |  2.6
Stealth        | |  1.7

Action                   |  1- 3 |  4- 6 || total
-------------------------+-------+-------++-------
Melee: Short sword       |   116 |    44 ||   160
Throw: Stone             |     2 |    17 ||    19
Invok: Sacrifice Artific |     1 |       ||     1
  Use: Potion            |       |     3 ||     3
       Scroll            |       |     1 ||     1
 Stab: Invisible         |     1 |     1 ||     2
       Distracted        |       |     1 ||     1
Armor: Ring mail         |    37 |    14 ||    51
Dodge: Dodged            |    50 |    18 ||    68

Table legend: (Time is in decaauts)
 A = Elapsed time spent in this place.
 B = Non-inter-level travel time spent in this place.
 C = Inter-level travel time spent in this place.
 D = Time resting spent in this place.
 E = Time spent auto-exploring this place.
 F = Levels seen in this place.
 G = Mean time per level.
                   A        B        C        D        E       F      G
               +--------+--------+--------+--------+--------+-----+--------+
         Total |   2663 |   2597 |     66 |    560 |   1528 |   4 |  665.8 |
       Dungeon |   2663 |   2597 |     66 |    560 |   1528 |   4 |  665.8 |
               +--------+--------+--------+--------+--------+-----+--------+

Top non-repeatable levels by time:
     D:1: 1550 daAuts
     D:2: 634 daAuts
     D:4: 278 daAuts
     D:3: 200 daAuts
